 Dungeon Crawl Stone Soup version 0.31-a0-844-gdc52ec4e09 (webtiles) character file.

Game seed: 17175999971366281263

3241 ipx the Cleaver (level 9, -4/44 (45) HPs)
             Began as a Vine Stalker Fighter on Sept 28, 2023.
             Was a Believer of Makhleb.
             Slain by a manticore (6 damage)
             ... on level 7 of the Dungeon.
             The game lasted 00:28:10 (1785 turns).

ipx the Cleaver (Vine Stalker Fighter)              Turns: 1785, Time: 00:28:10

HP:   -4/44 (45)    AC: 11    Str: 23    XL:     9   Next: 99%
MP:   0/14          EV:  8    Int:  8    God:    Makhleb [**....]
Gold: 290           SH:  4    Dex: 14    Spells: 8/8 levels left

rFire   . . .        a - +5 hand axe
rCold   . . .        c - +0 buckler
rNeg    . . .        v - +3 chain mail
rPois   .            (no helmet)
rElec   .            (no cloak)
rCorr   .            (no gloves)
SInv    .            (no boots)
Will    +....        H - amulet of faith Stlth
                     (no ring)
HPRegen 1.07/turn    (no ring)
MPRegen 0.14/turn

%: guardian spirit, faith
@: lightly drained
A: fangs 3, regeneration 1, magic shield, antimagic bite, no potion heal 2
a: Renounce Religion, Minor Destruction


You were on level 7 of the Dungeon.
You worshipped Makhleb.
Makhleb was pleased with you.
You visited 1 branch of the dungeon, and saw 8 of its levels.

You collected 290 gold pieces.

Inventory:

Hand Weapons
 a - a +5 hand axe (weapon)
 q - a +0 war axe
Missiles
 m - 6 atropa-tipped darts
 n - 6 boomerangs
 w - a throwing net
Armour
 c - a +0 buckler (worn)
 l - an orb of mayhem
 v - a +3 chain mail (worn)
Magical Staves
 b - a staff of cold
 x - a staff of earth
Jewellery
 H - an amulet of faith (around neck)
Wands
 o - a wand of roots (8)
Scrolls
 e - a scroll of fog
 f - 2 scrolls of teleportation
 h - a scroll of amnesia
 j - a scroll of revelation
 p - a scroll of immolation
 s - a scroll of enchant weapon
 u - a scroll of vulnerability {unknown}
Potions
 d - a potion of might
 g - a potion of haste {unknown}
 i - 2 potions of curing
 k - a potion of invisibility {unknown}
 r - a potion of attraction {unknown}
 t - a potion of enlightenment {unknown}


   Skills:
 - Level 4.0 Fighting
 * Level 11.2 Axes
 - Level 2.4 Armour
 - Level 2.6 Shields
 - Level 5.4 Invocations
 + Level 0.0 Evocations


You had 8 spell levels left.
You didn't know any spells.
Your spell library was empty.

Dungeon Overview and Level Annotations

Branches:
Dungeon (8/15)
 Temple: D:4-7         Lair: D:8-11

Altars:
Cheibriados
Makhleb
Okawaru
Xom


Innate Abilities, Weirdness & Mutations

You have razor-sharp teeth.
Your natural rate of healing is unusually fast.
When hurt, damage is shared between your health and your magic reserves.
Your bite disrupts and absorbs the magic of your enemies.
Potions cannot restore your health.


Message History

The manticore claws you but does no damage.
You hit the manticore.
The manticore is moderately wounded.
You hit the manticore.
The manticore is heavily wounded.
The manticore bites you.
The manticore claws you but does no damage.
The manticore claws you.
You barely miss the manticore. Your bite misses the manticore.
The manticore is heavily wounded.
The manticore barely misses you.
The manticore claws you but does no damage.
The manticore claws you.
You hit the manticore but do no damage.
You bite the manticore, but do no damage.
The manticore is heavily wounded.
You block the manticore's attack. The manticore claws you. x2
You barely miss the manticore.
The manticore is heavily wounded.
You hit the manticore but do no damage.
The manticore is heavily wounded.
The manticore bites you!! The manticore claws you. x2
You slash the manticore!
You bite the manticore, but do no damage.
The manticore is severely wounded.
You block the manticore's attack. The manticore claws you.
The manticore barely misses you.
You hit the manticore.
The manticore is severely wounded.
The manticore closely misses you. The manticore claws you.
You block the manticore's attack.
You hit the manticore.
You bite the manticore, but do no damage.
The manticore is severely wounded.
You barely miss the manticore.
The manticore is severely wounded.
The manticore bites you!
* * * LOW HITPOINT WARNING * * *
The manticore claws you.
You die...

........................#########
###.....#######.........#........
..##...##.....##.................
#..##.##.#####.##................
#...###.## ##.##.........†.....
..#..#.## ##.#..............#
###..#.# #.#.............#.
.....#.# #.#.............##
.....#.# #@#...............
.....#.## #H#..>............
#...###.## {##...#...........
#..## ##.### .##....#...........
..## ##..##[##.....###........
### ###.###.......>#.......# ..#
##..#..##..............## #..#
##.##.##.##...####........
##..###..##.##..##..# #(..###..


You could see a manticore.

Vanquished Creatures
  A two-headed ogre (D:6)
  Jeremiah (D:7)
  A wyvern (D:7)
  2 steam dragons (D:7)
  3 water moccasins
  An orc warrior (D:7)
  A sky beast (D:6)
  2 ice beasts
  A black bear (D:5)
  An ogre (D:5)
  A centaur (D:7)
  3 bullfrogs (D:7)
  4 wights
  A killer bee (D:7)
  A gnoll bouda (D:5)
  3 orc priests
  A jelly (D:5)
  4 sleepcaps
  5 iguanas
  8 gnolls (D:5)
  4 adders
  A shadow imp (D:5)
  3 white imps
  An ufetubus (D:7)
  2 dart slugs
  12 orcs
  3 ball pythons
  2 bats
  An endoplasm (D:1)
  A giant cockroach (D:2)
  A goblin (D:1)
  2 hobgoblins
  4 quokkas
  A frilled lizard (D:1)
  2 kobolds
  3 rats
88 creatures vanquished.

Notes
Turn   | Place    | Note
-------+----------+-------------------------------------------
     0 | D:1      | ipx the Vine Stalker Fighter began the quest for the Orb.
     0 | D:1      | Reached XP level 1. HP: 11/11 MP: 2/2
    18 | D:1      | Reached skill level 2 in Axes
    50 | D:1      | Reached XP level 2. HP: 12/16 MP: 3/3
   227 | D:2      | Reached skill level 3 in Axes
   227 | D:2      | Reached XP level 3. HP: 13/19 MP: 2/4
   331 | D:3      | Found a burning altar of Makhleb.
   354 | D:3      | Became a worshipper of Makhleb the Destroyer
   422 | D:3      | Found a snail-covered altar of Cheibriados.
   498 | D:3      | Reached skill level 4 in Axes
   498 | D:3      | Reached XP level 4. HP: 6/23 MP: 0/5
   669 | D:4      | Found a shimmering altar of Xom.
   699 | D:4      | Reached XP level 5. HP: 19/27 MP: 4/6
   721 | D:5      | Entered Level 5 of the Dungeon
   730 | D:5      | Noticed a black bear
   741 | D:5      | Killed a black bear
   742 | D:5      | Reached skill level 5 in Axes
   785 | D:5      | Reached XP level 6. HP: 32/32 MP: 7/7
   843 | D:6      | Noticed a sky beast
   843 | D:6      | Noticed a water moccasin
   859 | D:6      | Killed a sky beast
   869 | D:5      | Reached skill level 6 in Axes
   921 | D:5      | Reached XP level 7. HP: 18/37 MP: 3/8
   934 | D:5      | Reached * piety under Makhleb
  1015 | D:5      | Reached skill level 7 in Axes
  1139 | D:6      | Gained mutation: You have razor-sharp teeth. [Vine Stalker
                  | growth]
  1139 | D:6      | Reached XP level 8. HP: 8/42 MP: 2/9
  1168 | D:5      | Reached skill level 8 in Axes
  1187 | D:6      | Noticed a two-headed ogre
  1207 | D:6      | Found an iron altar of Okawaru.
  1223 | D:7      | Reached ** piety under Makhleb
  1317 | D:7      | Reached skill level 1 in Invocations
  1325 | D:7      | Noticed a wyvern
  1335 | D:7      | Killed a wyvern
  1336 | D:7      | Reached skill level 9 in Axes
  1396 | D:6      | Killed a two-headed ogre
  1397 | D:6      | Reached skill level 10 in Axes
  1397 | D:6      | Reached XP level 9. HP: 45/45 MP: 10/12
  1664 | D:7      | Reached skill level 5 in Invocations
  1670 | D:7      | Noticed Jeremiah
  1723 | D:7      | Killed Jeremiah
  1724 | D:7      | Reached skill level 11 in Axes
  1771 | D:7      | Noticed a manticore
  1785 | D:7      | HP: 2/44 [manticore (14)]
  1785 | D:7      | Slain by a manticore

Illustrated notes

Levels and vault maps discovered:
D:1:      amcnicky_arrival_underground_garden, layout_loops_ring
D:2:      layout_loops_corners, uniq_robin
D:3:      layout_loops_ring, general_overflow_altar, mainiacjoe_overflow_paths,
          nicolae_overflow_crystal_walls, minmay_cut_off
D:4:      layout_basic, mainiacjoe_overflow_cross_hatched
D:5:      layout_cave_pools, good_gods_mini_temple, guppyfry_early_lair_pool
D:6:      layout_rooms, mainiacjoe_overflow_catwalk, temple_fountains
D:7:      minmay_the_grid_octo_2x2 [minmay_the_grid_octo_tetromino_candy,
          minmay_the_grid_octo_fat_diamond, minmay_the_grid_octo_checkerflower,
          minmay_the_grid_octo_prize_single_spiral], layout_cave_pools,
          minivault_24, uniq_crazy_yiuf_cottage, uniq_jeremiah
D:8:      layout_basic, nicolae_gozag_cash_rules_everything_around_me,
          nicolae_ashenzari_skybound

Skill      XL: |  1  2  3  4  5  6  7  8  9 |
---------------+----------------------------+-----
Axes           | 2 3 4 5 6 7 10 11 | 11.2
Fighting       | 3 4 |  4.0
Invocations    | 3 5 |  5.4
Armour         | |  2.4
Shields        | |  2.6

Action                     |  1- 3 |  4- 6 |  7- 9 || total
---------------------------+-------+-------+-------++-------
  Melee: War axe           |    86 |    60 |    51 ||   197
         Bite              |    15 |    12 |    61 ||    88
         Hand axe          |       |       |   143 ||   143
  Throw: Dart              |     1 |     9 |       ||    10
         Throwing net      |       |       |     4 ||     4
         Boomerang         |       |       |    10 ||    10
 Invoke: Minor Destruction |       |       |     8 ||     8
    Use: Scroll            |       |     4 |     4 ||     8
         Potion            |       |       |     1 ||     1
   Stab: Held in net/web   |       |       |     1 ||     1
 Armour: Scale mail        |    72 |       |       ||    72
         Chain mail        |     8 |    56 |   153 ||   217
  Dodge: Dodged            |    52 |    18 |    66 ||   136
  Block: Buckler           |    17 |    12 |    34 ||    63

Table legend: (Time is in decaauts)
 A = Elapsed time spent in this place.
 B = Non-inter-level travel time spent in this place.
 C = Inter-level travel time spent in this place.
 D = Time resting spent in this place.
 E = Time spent auto-exploring this place.
 F = Levels seen in this place.
 G = Mean time per level.
                   A        B        C        D        E       F      G
               +--------+--------+--------+--------+--------+-----+--------+
         Total |   1832 |   1793 |     39 |      0 |      0 |   8 |  229.0 |
       Dungeon |   1832 |   1793 |     39 |      0 |      0 |   8 |  229.0 |
               +--------+--------+--------+--------+--------+-----+--------+

Top non-repeatable levels by time:
     D:7: 466 daAuts
     D:5: 395 daAuts
     D:3: 228 daAuts
     D:1: 203 daAuts
     D:6: 187 daAuts
     D:4: 175 daAuts
     D:2: 154 daAuts
     D:8: 21 daAuts
